Map: Lost and Found LE

Players

Recoil - Winner!

  • Race: Protoss Protoss
  • League: Silver
  • Spawn Location: 1:00

olasenor

  • Race: Protoss Protoss
  • League: Silver
  • Spawn Location: 7:00

VOD

Have the link to the VOD?

Description

Time

  • Played on: Sept. 20, 2018, 11:48 p.m.
  • Length: 23:31
Show
View Real Time Build Order
Export as new Build Order

Recoil Protoss - Winner!

Build Orders: Oracle Opening 

Get SALT Encoding   

  12  0:04  Probe  
  13  0:16  Probe  
  13  0:18  Pylon  
  14  0:24  Probe  
  14  0:32  Probe  
  15  0:42  Gateway  
  16  0:47  Assimilator, Probe  
  17  0:58  Probe  
  17  1:00  Assimilator  
  18  1:06  Probe  
  19  1:15  Probe  
  20  1:26  Probe  
  21  1:36  Cybernetics Core  
  21  1:38  Probe  
  22  1:43  Pylon  
  22  2:03  Zealot, Gateway  
  22  2:08  Probe  
  25  2:13  Warp Gate  
  25  2:14  Pylon  
  25  2:20  Stargate  
  25  2:34  Pylon  
  25  2:44  Nexus  
  25  2:55  Stalker  
  25  2:58  Oracle  
  27  2:59  Zealot  
  29  3:11  Probe  
  33  3:23  Probe  
  34  3:46  Gateway  
  34  3:49  Robotics Facility  
  34  3:50  Probe  
  35  4:02  Probe  
  36  4:14  Probe  
  34  4:26  Probe  
  35  4:31  Gateway  
  35  4:33  Gateway  
  35  4:37  Shield Battery  
  35  4:39  Shield Battery  
  35  4:45  Probe  
  35  4:47  Probe  
  35  4:49  Assimilator  
  35  4:50  Immortal  
  35  4:51  Assimilator  
  37  4:53  Probe  
  37  4:55  Probe  
  39  5:02  Probe  
  39  5:04  Probe  
  45  5:14  Probe  
  45  5:16  Probe  
  47  5:24  Pylon  
  45  5:36  Zealot x3  
  51  5:48  Probe  
  51  5:49  Stalker  
  53  5:50  Stalker  
  53  5:56  Probe x2  
  57  6:03  Forge  
  58  6:05  Probe  
  58  6:09  Twilight Council, Probe, Forge  
  60  6:15  Stalker x3  
  66  6:21  Probe  
  67  6:40  Pylon  
  67  6:45  Pylon  
  67  6:59  Immortal  
  67  7:00  Nexus  
  71  7:02  Pylon, Protoss Ground Weapons Level 1  
  71  7:04  Pylon  
  71  7:06  Probe x2  
  71  7:07  Assimilator  
  73  7:09  Stalker x2  
  73  7:13  Assimilator  
  77  7:18  Probe  
  77  7:19  Probe  
  77  7:20  Forge  
  79  7:27  Pylon  
  79  7:37  Pylon  
  79  7:40  Pylon  
  83  7:52  Observer  
  83  7:56  Stalker x4  
  83  7:57  Stalker  
  90  8:09  Gateway  
  90  8:11  Gateway  
  90  8:12  Gateway  
  90  8:13  Observer, Probe  
  92  8:20  Protoss Ground Armor Level 1  
  92  8:21  Probe  
  92  8:22  Charge  
  93  8:30  Probe  
  94  8:34  Immortal  
  98  8:50  Zealot x4  
  98  8:51  Zealot  
  108  9:08  Pylon  
  108  9:13  Pylon  
  108  9:17  Pylon  
  108  9:21  Sentry x3  
  108  9:22  Sentry  
  116  9:24  Immortal  
  116  9:27  Protoss Ground Weapons Level 2  
  120  9:35  Robotics Bay  
  120  9:38  Robotics Facility  
  120  10:03  Immortal  
  124  10:09  Pylon  
  124  10:11  Pylon  
  124  10:13  Pylon  
  124  10:16  Dark Shrine  
  124  10:23  Stalker x2  
  124  10:25  Zealot x3  
  124  10:26  Zealot  
  136  10:32  Colossus  
  142  10:42  Colossus  
  145  11:26  Colossus  
  151  11:36  Warp Prism  
  71  12:04  Zealot x2  
  71  12:05  Zealot x5  
  85  12:08  Dark Templar  
  85  12:11  Probe, Colossus  
  85  12:13  Probe x2  
  96  12:23  Probe  
  96  12:25  Probe  
  96  12:26  Nexus  
  98  12:30  Pylon  
  98  12:31  Stalker x3  
  98  12:32  Stalker x2  
  98  12:33  Pylon  
  98  12:35  Probe  
  100  12:47  Probe  
  101  12:59  Probe  
  101  13:04  Stalker x3  
  101  13:05  Stalker x4  
  116  13:09  Colossus x2  
  128  13:36  Dark Templar x2  
  128  13:37  Dark Templar x2  
  136  13:53  Zealot x3  
  138  14:03  Colossus x2  
  138  14:05  Nexus  
  150  14:14  Pylon  
  150  14:16  Pylon  
  150  14:21  Pylon  
  150  14:22  Pylon, Assimilator  
  150  14:27  Assimilator  
  150  14:41  Stalker  
  150  14:42  Stalker x2  
  156  14:47  Pylon  
  156  14:49  Nexus  
  156  14:50  Assimilator  
  156  14:51  Probe  
  156  14:52  Pylon, Assimilator  
  155  15:03  Probe  
  149  15:15  Probe  
  149  15:19  Zealot x3  
  149  15:20  Stalker x2  
  160  15:22  Sentry x3  
  160  15:26  Probe x2  
  168  15:33  Protoss Ground Weapons Level 3  
  168  15:34  Probe x2  
  168  15:36  Protoss Ground Armor Level 2  
  168  15:40  Probe x2  
  172  15:52  Probe  
  173  16:00  Nexus  
  173  16:09  Dark Templar x2  
  177  16:13  Archon  
  177  16:17  Extended Thermal Lance  
  177  16:30  Colossus  
  169  17:02  Zealot x4  
  169  17:03  Zealot x2  
  181  17:12  Nexus  
  181  17:40  Zealot  
  181  17:41  Zealot x4  
  95  18:15  Phoenix  
  95  18:19  Dark Templar x4  
  95  18:20  Dark Templar  
  83  18:38  Dark Templar x3  
  83  18:40  Phoenix  
  89  18:54  Stalker x4  
  89  18:55  Stalker  
  99  18:58  Probe  
  99  19:01  Probe  
  101  19:05  Phoenix  
  103  19:10  Probe x2  
  105  19:18  Probe  
  105  19:23  Probe  
  107  19:25  Zealot x4  
  107  19:27  Probe  
  107  19:30  Phoenix  
  118  19:35  Probe  
  118  19:36  Probe  
  118  19:37  Sentry x4  
  127  19:44  Probe  
  128  19:47  Phoenix  
  129  19:53  Probe  
  129  19:55  Protoss Air Weapons Level 1  
  132  20:04  Fleet Beacon  
  132  20:09  Stalker x2  
  132  20:10  Phoenix, Stalker x3  
  132  20:12  Dark Templar  
  140  20:23  Dark Templar x2  
  144  20:33  Archon  
  144  20:35  Phoenix  
  146  20:36  Archon  
  146  20:38  Archon  
  146  20:39  Archon  
  146  20:42  Immortal x2  
  154  20:59  Phoenix  
  156  21:18  Stalker x4  
  158  21:19  Stalker  
  158  21:21  Nexus, Immortal x2  
  158  21:22  Dark Templar  
  158  21:23  Pylon  
  158  21:24  Pylon, Phoenix  
  178  21:27  Assimilator  
  178  21:28  Assimilator  
  178  21:44  Dark Templar x3  
  184  21:52  Zealot  
  184  21:53  Zealot x3  
  184  22:22  Nexus  
  184  22:29  Immortal  
  192  22:32  Observer  
  195  22:47  Zealot  
  195  22:48  Zealot  
Show
View Real Time Build Order
Export as new Build Order

olasenor Protoss 

Build Orders:  

Get SALT Encoding   

  12  0:11  Probe  
  13  0:20  Pylon  
  13  0:25  Probe  
  14  0:41  Gateway  
  14  0:43  Probe  
  14  0:48  Assimilator  
  15  0:55  Probe  
  16  1:01  Pylon  
  16  1:07  Probe  
  17  1:24  Gateway  
  17  1:26  Probe  
  18  1:33  Cybernetics Core  
  18  1:44  Forge  
  18  1:46  Probe  
  19  1:52  Zealot  
  19  1:58  Assimilator  
  21  2:09  Probe  
  22  2:18  Stalker  
  24  2:24  Probe  
  25  2:36  Probe  
  26  2:37  Zealot  
  28  2:47  Pylon  
  28  2:48  Probe  
  29  2:55  Sentry  
  31  3:00  Warp Gate  
  31  3:06  Pylon  
  31  3:27  Nexus  
  30  3:36  Photon Cannon  
  30  3:39  Photon Cannon  
  30  3:40  Stalker  
  30  3:41  Zealot  
  34  3:44  Probe  
  32  4:22  Probe  
  33  4:34  Probe  
  34  4:39  Probe  
  35  4:46  Probe  
  35  4:50  Twilight Council  
  35  4:51  Robotics Facility, Probe  
  37  4:54  Gateway  
  37  4:56  Shield Battery  
  37  4:58  Photon Cannon  
  37  5:01  Probe  
  37  5:03  Probe  
  39  5:10  Protoss Ground Weapons Level 1  
  39  5:17  Pylon  
  33  5:53  Immortal  
  37  5:58  Zealot x2  
  37  6:02  Charge  
  37  6:03  Stalker  
  43  6:08  Probe  
  43  6:09  Probe  
  45  6:21  Probe x2  
  45  6:22  Stalker x2  
  51  6:33  Probe x2  
  51  6:38  Assimilator  
  53  6:40  Photon Cannon  
  53  6:45  Probe x2  
  55  7:01  Pylon  
  55  7:03  Sentry x2  
  55  7:04  Sentry  
  61  7:09  Observer  
  61  7:13  Probe  
  61  7:14  Probe  
  64  7:25  Probe  
  64  7:28  Zealot x3  
  71  7:31  Pylon  
  71  7:35  Pylon, Observer  
  72  7:48  Nexus  
  72  8:07  Dark Shrine  
  72  8:12  Stalker x3  
  78  8:17  Observer  
  79  8:45  Assimilator  
  79  8:48  Pylon  
  79  8:50  Pylon  
  79  8:52  Photon Cannon  
  79  9:03  Observer  
  79  9:09  Probe x2  
  81  9:10  Probe  
  82  9:20  Gateway  
  82  9:21  Probe  
  82  9:22  Probe x2  
  82  9:23  Gateway  
  85  9:25  Gateway  
  85  9:26  Dark Templar x2  
  85  9:27  Dark Templar  
  85  9:29  Gateway  
  91  9:31  Gateway  
  91  9:44  Assimilator  
  91  9:49  Assimilator  
  91  9:51  Protoss Ground Armor Level 1  
  91  9:59  Forge  
  90  10:03  Dark Templar  
  90  10:04  Dark Templar x2  
  96  10:25  Immortal  
  100  10:34  Sentry x3  
  106  10:44  Probe x2  
  106  10:45  Probe  
  109  10:50  Colossus x2  
  109  10:54  Dark Templar x2  
  109  10:56  Probe  
  114  11:06  Zealot x3  
  114  11:07  Zealot  
  120  11:20  Stalker  
  120  11:21  Stalker  
  99  11:58  Zealot  
  101  12:12  Pylon  
  101  12:14  Pylon  
  101  12:17  Pylon  
  101  12:47  Dark Templar x5  
  101  12:48  Dark Templar x2  
  115  13:15  Gateway  
  115  13:16  Gateway  
  115  13:18  Stargate  
  115  13:20  Stargate  
  115  13:27  Archon x3  
  115  13:28  Archon x3  
  115  13:32  Nexus, Protoss Shields Level 1  
  115  13:37  Blink  
  115  13:48  Zealot x5  
  104  14:21  Nexus  
  104  14:24  Void Ray x2  
  112  14:38  Pylon  
  112  14:41  Pylon  
  112  14:43  Zealot x5  
  112  14:44  Zealot  
  112  15:18  Robotics Facility  
  112  15:21  Stargate  
  112  15:26  Protoss Ground Weapons Level 2, Dark Templar x4  
  120  15:39  Colossus x2  
  120  15:40  Colossus x3  
  120  15:47  Fleet Beacon  
  120  15:50  Assimilator  
  120  15:55  Assimilator  
  120  15:59  Photon Cannon  
  120  16:00  Void Ray x2  
  128  16:11  Photon Cannon  
  128  16:12  Photon Cannon  
  128  16:18  Observer, Photon Cannon  
  129  16:43  Void Ray  
  139  17:28  Anion Pulse-Crystals  
  139  17:41  Protoss Shields Level 2  
  108  18:09  Dark Templar  
  108  18:10  Dark Templar x4  
  67  18:22  Zealot x2  
  71  18:28  Carrier  
  65  18:42  Carrier  
  71  18:55  Observer  
  72  18:58  Zealot x3  
  72  18:59  Zealot x3  
  84  19:19  Pylon  
  84  19:21  Pylon  
  84  19:22  Pylon  
  84  19:23  Pylon  
  82  19:44  Stalker  
  82  19:45  Stalker x4  
  90  19:46  Stalker x2  
  96  19:56  Protoss Air Armor Level 1  
  92  20:22  Observer  
  93  20:29  Probe x2  
  93  20:30  Probe x2  
  97  20:35  Pylon  
  97  20:40  Photon Cannon  
  97  20:41  Probe x2  
  99  20:51  Probe x2  
  99  20:53  Probe  
  102  21:09  Dark Templar x4  
  110  21:13  Archon x2  
  110  21:14  Archon  
  110  21:19  Graviton Catapult  
  110  21:40  Carrier  
  110  21:41  Carrier  
  110  21:42  Pylon  
  116  22:01  Dark Templar x3  
  96  22:18  Stalker  
  96  22:19  Stalker  
  96  22:33  Zealot x4  
  104  22:38  Immortal  
  107  23:00  Sentry x3  
  107  23:01  Sentry  
Tags
 
Add a new tag
Caveats
  • Supply blocks, unpowered buildings, or Contaminate may cause inaccurate times.
  • Supply counts are checked every 10 seconds.